Bruins vs Blues
(R1)
Created - April 21, 2022 at 19:04
Goals
|
Bruins |
1 |
0 |
1 |
0 |
1 |
3 |
Blues |
2 |
0 |
0 |
0 |
0 |
2 |
|
Shots
|
Bruins |
12 |
11 |
10 |
2 |
3 |
35 |
Blues |
8 |
12 |
13 |
1 |
3 |
34 |
|
1st period
1. Blues , Auston Matthews 5 (Riley Sheahan 28, Ladislav Smid 9) at 8:23
2. Blues , Filip Forsberg 26 (Alex Pietrangelo 67) at 12:37 (PP)
3. Bruins , Andrei Kostitsyn 9 (Casey Cizikas 21, Adam Pelech 7) at 15:25
Penalties :
Matt Martin (Stl) for Holding (Minor) at 4:06, Ryan Murray (Stl) for Hooking (Minor) at 9:08, Brett Kulak (Bos) for Interference (Minor) at 12:36, Casey Cizikas (Bos) for Holding (Minor) at 17:06
2nd period
No Goal
Penalties :
Brandon Montour (Stl) for Hooking (Minor) at 0:53, Kevin Hayes (Bos) for Tripping (Minor) at 8:22, David Perron (Stl) for Charging (Minor) at 12:23
3rd period
4. Bruins , Andrei Kostitsyn 10 (Matt Read 8, Brett Kulak 2) at 11:48
Penalties :
Filip Forsberg (Stl) for Hooking (Minor) at 1:18, Nicklas Backstrom (Stl) for Tripping (Minor) at 6:36, Brandon Montour (Stl) for Interference (Minor) at 9:30
Overtime #1
No Goal
Penalties :
No Penalty
Shootout
Bruins, Wojtek Wolski - Shot Misses the Net
Blues, David Perron - Shot Misses the Net
Bruins, Zack Kassian - Goal!
Blues, Auston Matthews - Stopped by Kevin Poulin
Bruins, Jonathan Toews - Stopped by Carey Price
Blues, Devin Shore - Stopped by Kevin Poulin
Penalties :
No Penalty
Goalie Stats
Kevin Poulin (Bos), 32 saves from 34 shots - (0.941), W, 29-20-1, 65:00 minutes
Carey Price (Stl), 33 saves from 35 shots - (0.943), OTL, 28-13-4, 65:00 minutes
Players Stats for Bruins
Player Name G A P +/- PIM S H SB GA TA FO MP PP MP PK MP
------------------------------------------------------------------------------------
Adam Pelech 0 1 1 1 0 1 0 0 0 0 0/0 9:47 0:00 0:00
Andreas Athanasiou 0 0 0 -1 0 0 0 0 0 0 0/0 7:00 0:01 0:00
Andrei Kostitsyn 2 0 2 2 0 2 1 0 0 0 0/0 12:44 0:01 0:57
Brett Kulak 0 1 1 1 2 0 0 0 0 0 0/0 9:46 0:00 0:00
Casey Cizikas 0 1 1 2 2 1 1 0 0 0 3/10 11:27 0:00 0:16
Jason Demers 0 0 0 0 0 2 3 0 0 0 0/0 30:58 8:27 2:30
Jonathan Toews 0 0 0 0 0 4 2 2 2 0 19/33 24:19 7:45 1:12
Josh Manson 0 0 0 0 0 0 0 1 0 0 0/0 24:15 5:26 1:29
Kevin Hayes 0 0 0 0 2 4 1 0 1 0 7/13 17:23 6:07 0:16
Kris Chucko 0 0 0 -1 0 1 0 0 0 0 0/0 6:41 0:00 0:00
Madison Bowey 0 0 0 0 0 0 0 2 0 0 0/0 24:15 5:26 1:29
Matt Read 0 1 1 2 0 1 3 0 0 0 1/1 11:08 0:01 0:00
Mikael Backlund 0 0 0 -1 0 2 1 0 0 0 1/2 6:41 0:00 0:00
Scott Hartnell 0 0 0 0 0 3 2 1 0 0 0/0 18:34 6:07 0:47
Torey Krug 0 0 0 0 0 3 3 0 1 1 0/0 30:58 8:27 2:30
Victor Oreskovich 0 0 0 0 0 5 3 1 0 0 1/1 16:26 6:07 0:00
Wojtek Wolski 0 0 0 0 0 2 2 0 0 0 3/9 26:48 7:45 2:15
Zack Kassian 0 0 0 0 0 4 2 0 1 0 1/2 26:48 7:45 2:15
Players Stats for Blues
Player Name G A P +/- PIM S H SB GA TA FO MP PP MP PK MP
------------------------------------------------------------------------------------
Alex Pietrangelo 0 1 1 -1 0 3 0 0 0 0 0/0 23:28 2:34 0:55
Anthony Mantha 0 0 0 -1 0 2 1 0 0 0 0/0 11:12 0:00 0:00
Auston Matthews 1 0 1 0 0 2 0 0 0 0 2/10 13:04 0:00 0:00
Brandon Montour 0 0 0 0 4 1 0 1 0 2 0/0 16:14 1:25 0:25
Cody Ceci 0 0 0 0 0 0 1 1 0 2 0/0 25:20 2:34 8:21
David Perron 0 0 0 0 2 4 1 2 0 0 1/1 14:55 1:39 1:24
Devin Shore 0 0 0 -1 0 0 2 1 0 0 4/8 11:54 1:39 0:27
Drew Shore 0 0 0 0 0 0 2 0 0 0 6/12 14:48 0:00 7:02
Filip Forsberg 1 0 1 0 2 5 2 1 0 0 1/1 19:20 2:20 0:15
Ladislav Smid 0 1 1 0 0 2 0 0 0 0 0/0 17:43 0:00 5:32
Martin Marincin 0 0 0 0 0 3 0 1 0 1 0/0 17:43 0:00 5:32
Matt Martin 0 0 0 -1 2 2 0 0 0 0 0/0 9:44 0:00 0:00
Nicklas Backstrom 0 0 0 0 2 1 0 0 1 0 18/34 18:26 2:20 0:00
Patrick Kaleta 0 0 0 0 0 1 3 0 0 0 0/0 10:43 0:00 4:38
Riley Sheahan 0 1 1 0 0 2 3 0 0 0 2/3 18:22 1:39 4:38
Ryan Murray 0 0 0 -1 2 0 2 1 0 0 0/0 29:47 1:25 7:01
Samuel Morin 0 0 0 0 0 1 1 0 0 0 0/0 8:16 0:00 2:18
Tyler Johnson 0 0 0 0 0 5 2 0 0 0 1/2 25:01 2:20 7:04
3 Stars
1 - Andrei Kostitsyn (Bos)
2 - Kevin Poulin (Bos)
3 - Matt Read (Bos)
Power Play
Bruins - 0 on 7 Attempt(s) - 0.00%
Blues - 1 on 3 Attempt(s) - 33.33%
Penalty Kill
Bruins - 2 on 3 Attempt(s) - 66.67%
- Score 0 goal in Penalty Kill
Blues - 7 on 7 Attempt(s) - 100.00%
- Score 0 goal in Penalty Kill
Team Stat
Bruins - Hits : 24 - Faceoff Wins : 36 - Blocked Shots : 7 - Penalty Minutes : 6
Blues - Hits : 20 - Faceoff Wins : 35 - Blocked Shots : 8 - Penalty Minutes : 14
Official
Referees : Dan Kelly and Kevin Pollock
Linesman : Bryan Pancich and Andrew Smith
Game Notes
No Game Note
Finance
Level 1 -- Attendance: 5668 (94.47%) -- Ticket Income $566,800
Level 2 -- Attendance: 4938 (98.76%) -- Ticket Income $296,280
Level 3 -- Attendance: 1887 (94.35%) -- Ticket Income $66,045
Level 4 -- Attendance: 4000 (100.00%) -- Ticket Income $100,000
Luxury Box -- Attendance: 1000 (100.00%) -- Ticket Income $200,000
Game was played at the Enterprise Center.
Total Attendance: 17493 (97.18%)
Total Ticket Income: $1,229,125
Other Income: $184,369
Total Income: $1,413,494
Bruins
5 vs 5 Forward
Center Left Wing Right Wing Time % Phy DF OF
1 Jonathan Toews Wojtek Wolski Zack Kassian 40 1 2 2
2 Kevin Hayes Scott Hartnell Victor Oreskovich 30 1 2 2
3 Casey Cizikas Andrei Kostitsyn Matt Read 20 1 2 2
4 Mikael Backlund Kris Chucko Andreas Athanasiou 10 1 2 2
5 vs 5 Defense
Defense Defense Time % Phy DF OF
1 Jason Demers Torey Krug 40 1 2 2
2 Madison Bowey Josh Manson 30 1 2 2
3 Adam Pelech Brett Kulak 20 1 2 2
4 Jason Demers Torey Krug 10 1 2 2
PowerPlay Forward
Center Left Wing Right Wing Time % Phy DF OF
1 Jonathan Toews Wojtek Wolski Zack Kassian 60 1 2 2
2 Kevin Hayes Scott Hartnell Victor Oreskovich 40 1 2 2
PowerPlay Defense
Defense Defense Time % Phy DF OF
1 Jason Demers Torey Krug 60 1 2 2
2 Madison Bowey Josh Manson 40 1 2 2
Penalty Kill 4 Players Forward
Center Wing Time % Phy DF OF
1 Wojtek Wolski Zack Kassian 60 1 2 2
2 Jonathan Toews Scott Hartnell 40 1 2 2
Penalty Kill 4 Players Defense
Defense Defense Time % Phy DF OF
1 Jason Demers Torey Krug 60 1 2 2
2 Madison Bowey Josh Manson 40 1 2 2
Penalty Kill - 3 Players Forward
Forward Time % Phy DF OF
1 Wojtek Wolski 60 1 2 2
2 Zack Kassian 40 1 2 2
Penalty Kill - 3 Players Defense
Defense Defense Time % Phy DF OF
1 Jason Demers Torey Krug 60 1 2 2
2 Madison Bowey Josh Manson 40 1 2 2
4 vs 4 Forward
Center Wing Time % Phy DF OF
1 Wojtek Wolski Zack Kassian 60 1 2 2
2 Jonathan Toews Scott Hartnell 40 1 2 2
4 vs 4 Defense
Defense Defense Time % Phy DF OF
1 Jason Demers Torey Krug 60 1 2 2
2 Madison Bowey Josh Manson 40 1 2 2
Last Minutes Offensive
Center Left Wing Right Wing Defense Defense
Jonathan Toews Wojtek Wolski Zack Kassian Jason Demers Torey Krug
Last Minutes Defensive
Center Left Wing Right Wing Defense Defense
Jonathan Toews Wojtek Wolski Zack Kassian Jason Demers Torey Krug
Goaltenders
Starting : Kevin Poulin
Backup : Antti Niemi
Extra Forwards
Normal : Andrei Kostitsyn, Matt Read, Casey Cizikas - PP : Andrei Kostitsyn, Matt Read - PK : Casey Cizikas
Extra Defensemen
Normal : Adam Pelech, Brett Kulak, Madison Bowey - PP : Adam Pelech - PK : Brett Kulak, Madison Bowey
Penalty Shots
Wojtek Wolski, Zack Kassian, Jonathan Toews, Scott Hartnell, Kevin Hayes
Scratches
Alex Petrovic (Healthy), Brendan Smith (Healthy)
Blues
5 vs 5 Forward
Center Left Wing Right Wing Time % Phy DF OF
1 Nicklas Backstrom Filip Forsberg Tyler Johnson 40 1 2 2
2 Auston Matthews David Perron Riley Sheahan 30 1 2 2
3 Devin Shore Matt Martin Anthony Mantha 20 1 2 2
4 Drew Shore Samuel Morin Patrick Kaleta 10 1 2 2
5 vs 5 Defense
Defense Defense Time % Phy DF OF
1 Alex Pietrangelo Ryan Murray 40 1 2 2
2 Brandon Montour Cody Ceci 30 1 2 2
3 Martin Marincin Ladislav Smid 20 1 2 2
4 Ryan Murray Alex Pietrangelo 10 1 2 2
PowerPlay Forward
Center Left Wing Right Wing Time % Phy DF OF
1 Nicklas Backstrom Filip Forsberg Tyler Johnson 60 1 2 2
2 Devin Shore David Perron Riley Sheahan 40 1 2 2
PowerPlay Defense
Defense Defense Time % Phy DF OF
1 Alex Pietrangelo Cody Ceci 60 1 2 2
2 Brandon Montour Ryan Murray 40 1 2 2
Penalty Kill 4 Players Forward
Center Wing Time % Phy DF OF
1 Drew Shore Tyler Johnson 60 1 2 2
2 Riley Sheahan Patrick Kaleta 40 1 2 2
Penalty Kill 4 Players Defense
Defense Defense Time % Phy DF OF
1 Cody Ceci Ryan Murray 60 1 2 2
2 Ladislav Smid Martin Marincin 40 1 2 2
Penalty Kill - 3 Players Forward
Forward Time % Phy DF OF
1 Riley Sheahan 60 1 2 2
2 Drew Shore 40 1 2 2
Penalty Kill - 3 Players Defense
Defense Defense Time % Phy DF OF
1 Cody Ceci Ladislav Smid 60 1 2 2
2 Ryan Murray Martin Marincin 40 1 2 2
4 vs 4 Forward
Center Wing Time % Phy DF OF
1 Nicklas Backstrom Filip Forsberg 60 1 2 2
2 Drew Shore Tyler Johnson 40 1 2 2
4 vs 4 Defense
Defense Defense Time % Phy DF OF
1 Alex Pietrangelo Cody Ceci 60 1 2 2
2 Brandon Montour Ryan Murray 40 1 2 2
Last Minutes Offensive
Center Left Wing Right Wing Defense Defense
Nicklas Backstrom Filip Forsberg Tyler Johnson Alex Pietrangelo Martin Marincin
Last Minutes Defensive
Center Left Wing Right Wing Defense Defense
Drew Shore David Perron Tyler Johnson Cody Ceci Ladislav Smid
Goaltenders
Starting : Carey Price
Backup : Joonas Korpisalo
Extra Forwards
Normal : Anthony Mantha, Auston Matthews, Samuel Morin - PP : Anthony Mantha, Devin Shore - PK : Samuel Morin
Extra Defensemen
Normal : Martin Marincin, Brandon Montour, Ladislav Smid - PP : Brandon Montour - PK : Alex Pietrangelo, Brandon Montour
Penalty Shots
David Perron, Auston Matthews, Devin Shore, Filip Forsberg, Tyler Johnson
Scratches
Jacob Slavin (Sprained Right Knee Injury), Linus Omark (Healthy), Peter Regin (Healthy)
% Time on Ice - Bruins
Lines # - Real PCT - Wanted PCT - Time Play
Normal Forward
1 - 38% - 40% - 15:51
2 - 24% - 30% - 10:19
3 - 22% - 20% - 9:17
4 - 16% - 10% - 6:41
Normal Defense
1 - 39% - 40% - 16:29
2 - 36% - 30% - 14:58
3 - 23% - 20% - 9:47
4 - 2% - 10% - 0:54
PP Forward
1 - 56% - 60% - 7:46
2 - 44% - 40% - 6:07
PP Defense
1 - 61% - 60% - 8:27
2 - 39% - 40% - 5:26
PK Forward
1 - 80% - 60% - 3:12
2 - 20% - 40% - 0:47
PK Defense
1 - 63% - 60% - 2:30
2 - 37% - 40% - 1:29
PK3 Forward
1 - 0% - 60%
2 - 0% - 40%
PK3 Defense
1 - 0% - 60%
2 - 0% - 40%
44 Forward
1 - 73% - 60% - 3:39
2 - 27% - 40% - 1:21
44 Defense
1 - 53% - 60% - 2:38
2 - 47% - 40% - 2:22
Last Minute Offensive - 0:00
Last Minute Defensive - 0:00
Total
Forward - 65:00
Defense - 65:00
|
% Time on Ice - Blues
Lines # - Real PCT - Wanted PCT - Time Play
Normal Forward
1 - 35% - 40% - 14:39
2 - 29% - 30% - 12:14
3 - 23% - 20% - 9:43
4 - 13% - 10% - 5:32
Normal Defense
1 - 41% - 40% - 17:22
2 - 33% - 30% - 14:03
3 - 24% - 20% - 9:59
4 - 2% - 10% - 0:44
PP Forward
1 - 59% - 60% - 2:20
2 - 41% - 40% - 1:39
PP Defense
1 - 64% - 60% - 2:34
2 - 36% - 40% - 1:25
PK Forward
1 - 67% - 60% - 9:15
2 - 33% - 40% - 4:38
PK Defense
1 - 60% - 60% - 8:21
2 - 40% - 40% - 5:32
PK3 Forward
1 - 0% - 60%
2 - 0% - 40%
PK3 Defense
1 - 0% - 60%
2 - 0% - 40%
44 Forward
1 - 74% - 60% - 3:43
2 - 26% - 40% - 1:17
44 Defense
1 - 54% - 60% - 2:43
2 - 46% - 40% - 2:17
Last Minute Offensive - 0:00
Last Minute Defensive - 0:00
Total
Forward - 65:00
Defense - 65:00
|
Play-by-Play
1st period
0:01 of 1st period - Jonathan Toews wins face-off versus Nicklas Backstrom in neutral zone.
0:14 of 1st period - Slapshot by Zack Kassian.
0:14 of 1st period - Stopped by Carey Price without a rebound.
0:15 of 1st period - Kevin Hayes wins face-off versus Auston Matthews in Blues zone.
0:16 of 1st period - Snap shot by Victor Oreskovich.
0:16 of 1st period - Stopped by Carey Price without a rebound.
0:17 of 1st period - Kevin Hayes wins face-off versus Auston Matthews in Blues zone.
0:24 of 1st period - Madison Bowey is hit by Riley Sheahan and loses puck.
0:49 of 1st period - Snap shot by Andrei Kostitsyn.
0:49 of 1st period - Shot Misses the Net.
1:39 of 1st period - Mikael Backlund is hit by Samuel Morin and loses puck.
2:00 of 1st period - Andreas Athanasiou is hit by Patrick Kaleta and loses puck.
2:29 of 1st period - Slapshot by Mikael Backlund.
2:29 of 1st period - Shot Misses the Net.
2:31 of 1st period - Slapshot by Adam Pelech.
2:31 of 1st period - Stopped by Carey Price without a rebound.
2:32 of 1st period - Jonathan Toews wins face-off versus Nicklas Backstrom in Blues zone.
2:46 of 1st period - Icing by Ladislav Smid.
2:47 of 1st period - Nicklas Backstrom wins face-off versus Kevin Hayes in Blues zone.
2:47 of 1st period - Nicklas Backstrom is hit by Scott Hartnell.
3:23 of 1st period - Snap shot by Victor Oreskovich.
3:23 of 1st period - Stopped by Carey Price without a rebound.
3:24 of 1st period - Riley Sheahan wins face-off versus Jonathan Toews in Blues zone.
3:24 of 1st period - Riley Sheahan is hit by Zack Kassian.
3:53 of 1st period - Off-side.
3:54 of 1st period - Devin Shore wins face-off versus Casey Cizikas in neutral zone.
4:06 of 1st period - Minor Penalty to Matt Martin for Holding.
4:07 of 1st period - Jonathan Toews wins face-off versus Drew Shore in Blues zone.
4:33 of 1st period - Tyler Johnson is hit by Victor Oreskovich and loses puck.
4:38 of 1st period - Backhand shot by Kevin Hayes.
4:38 of 1st period - Shot Misses the Net.
4:46 of 1st period - Josh Manson is hit by Ryan Murray and loses puck.
5:17 of 1st period - Slapshot by Kevin Hayes.
5:17 of 1st period - Shot Misses the Net.
5:27 of 1st period - Wrist shot by Victor Oreskovich.
5:27 of 1st period - Stopped by Carey Price without a rebound.
5:28 of 1st period - Riley Sheahan wins face-off versus Zack Kassian in Blues zone.
6:06 of 1st period - Penalty to Matt Martin is over, Matt Martin is back on ice.
6:35 of 1st period - Off-side.
6:36 of 1st period - Mikael Backlund wins face-off versus Auston Matthews in neutral zone.
7:34 of 1st period - Snap shot by Wojtek Wolski.
7:34 of 1st period - Stopped by Carey Price with a rebound.
8:23 of 1st period - Slapshot by Riley Sheahan.
8:23 of 1st period - Deflect By Auston Matthews.
8:23 of 1st period - Goal by Auston Matthews - Bruins : 0 - Blues : 1.
8:24 of 1st period - Jonathan Toews wins face-off versus Nicklas Backstrom in neutral zone.
8:31 of 1st period - Slapshot by Jonathan Toews.
8:31 of 1st period - Stopped by Carey Price with a rebound.
8:33 of 1st period - Slapshot by Torey Krug.
8:33 of 1st period - Shot Blocked by Ryan Murray.
8:35 of 1st period - Wrist shot by Wojtek Wolski.
8:35 of 1st period - Shot Misses the Net.
8:37 of 1st period - Wrist shot by Torey Krug.
8:37 of 1st period - Deflect By Tyler Johnson.
8:37 of 1st period - Stopped by Carey Price with a rebound.
9:08 of 1st period - Minor Penalty to Ryan Murray for Hooking.
9:09 of 1st period - Drew Shore wins face-off versus Jonathan Toews in Blues zone.
9:18 of 1st period - Drew Shore is hit by Jason Demers and loses puck.
10:36 of 1st period - Slapshot by Samuel Morin.
10:36 of 1st period - Stopped by Kevin Poulin with a rebound.
10:52 of 1st period - Jonathan Toews is hit by Riley Sheahan and loses puck.
11:08 of 1st period - Penalty to Ryan Murray is over, Ryan Murray is back on ice.
11:22 of 1st period - Wrist shot by Jonathan Toews.
11:22 of 1st period - Stopped by Carey Price without a rebound.
11:23 of 1st period - Devin Shore wins face-off versus Casey Cizikas in Blues zone.
12:17 of 1st period - Backhand shot by Nicklas Backstrom.
12:17 of 1st period - Stopped by Kevin Poulin without a rebound.
12:18 of 1st period - Nicklas Backstrom wins face-off versus Casey Cizikas in Bruins zone.
12:21 of 1st period - Wrist shot by Nicklas Backstrom.
12:21 of 1st period - Shot Misses the Net.
12:23 of 1st period - Slapshot by Martin Marincin.
12:23 of 1st period - Stopped by Kevin Poulin with a rebound.
12:36 of 1st period - Minor Penalty to Brett Kulak for Interference.
12:37 of 1st period - Filip Forsberg wins face-off versus Wojtek Wolski in Bruins zone.
12:37 of 1st period - Slapshot by Alex Pietrangelo.
12:37 of 1st period - Deflect By Filip Forsberg.
12:37 of 1st period - Goal by Filip Forsberg - Bruins : 0 - Blues : 2.
12:38 of 1st period - Nicklas Backstrom wins face-off versus Jonathan Toews in neutral zone.
12:46 of 1st period - Brandon Montour is hit by Jason Demers and loses puck.
13:22 of 1st period - Jason Demers is hit by David Perron and loses puck.
14:00 of 1st period - Off-side.
14:01 of 1st period - Nicklas Backstrom wins face-off versus Jonathan Toews in neutral zone.
14:28 of 1st period - Josh Manson is hit by Anthony Mantha and loses puck.
14:51 of 1st period - Madison Bowey is hit by Drew Shore and loses puck.
15:10 of 1st period - Wojtek Wolski is hit by Tyler Johnson and loses puck.
15:25 of 1st period - Snap shot by Andrei Kostitsyn.
15:25 of 1st period - Goal by Andrei Kostitsyn - Bruins : 1 - Blues : 2.
15:26 of 1st period - Jonathan Toews wins face-off versus Nicklas Backstrom in neutral zone.
15:29 of 1st period - Backhand shot by Torey Krug.
15:29 of 1st period - Deflect By Jonathan Toews.
15:29 of 1st period - Shot Blocked by Brandon Montour.
15:29 of 1st period - Puck is out of play.
15:30 of 1st period - Jonathan Toews wins face-off versus Nicklas Backstrom in Blues zone.
15:33 of 1st period - Slapshot by Zack Kassian.
15:33 of 1st period - Stopped by Carey Price with a rebound.
15:35 of 1st period - Slapshot by Wojtek Wolski.
15:35 of 1st period - Stopped by Carey Price without a rebound.
15:36 of 1st period - Jonathan Toews wins face-off versus Nicklas Backstrom in Blues zone.
15:45 of 1st period - Wrist shot by Jonathan Toews.
15:45 of 1st period - Shot Misses the Net.
16:13 of 1st period - Wrist shot by Filip Forsberg.
16:13 of 1st period - Shot Misses the Net.
16:19 of 1st period - Wrist shot by Zack Kassian.
16:19 of 1st period - Deflect By Jonathan Toews.
16:19 of 1st period - Shot Misses the Net.
16:19 of 1st period - Puck is out of play.
16:20 of 1st period - Auston Matthews wins face-off versus Kevin Hayes in Blues zone.
16:33 of 1st period - Wrist shot by David Perron.
16:33 of 1st period - Stopped by Kevin Poulin without a rebound.
16:34 of 1st period - David Perron wins face-off versus Kevin Hayes in Bruins zone.
17:06 of 1st period - Minor Penalty to Casey Cizikas for Holding.
17:07 of 1st period - Zack Kassian wins face-off versus Nicklas Backstrom in Bruins zone.
19:06 of 1st period - Penalty to Casey Cizikas is over, Casey Cizikas is back on ice.
19:12 of 1st period - Brandon Montour is hit by Zack Kassian and loses puck.
19:21 of 1st period - Torey Krug is hit by Patrick Kaleta and loses puck.
19:43 of 1st period - Slapshot by Matt Martin.
19:43 of 1st period - Shot Hit the Post.
19:45 of 1st period - Slapshot by Martin Marincin.
19:45 of 1st period - Deflect By Anthony Mantha.
19:45 of 1st period - Stopped by Kevin Poulin without a rebound.
19:46 of 1st period - Nicklas Backstrom wins face-off versus Kevin Hayes in Bruins zone.
19:47 of 1st period - Wrist shot by Tyler Johnson.
19:47 of 1st period - Stopped by Kevin Poulin with a rebound.
Goals for this period are 1 for Bruins vs 2 for Blues.
Shots for this period are 12 for Bruins vs 8 for Blues.
2nd period
0:01 of 2nd period - Jonathan Toews wins face-off versus Tyler Johnson in neutral zone.
0:28 of 2nd period - Snap shot by Kevin Hayes.
0:28 of 2nd period - Stopped by Carey Price without a rebound.
0:29 of 2nd period - Kevin Hayes wins face-off versus Riley Sheahan in Blues zone.
0:38 of 2nd period - Snap shot by David Perron.
0:38 of 2nd period - Stopped by Kevin Poulin without a rebound.
0:39 of 2nd period - Nicklas Backstrom wins face-off versus Jonathan Toews in Bruins zone.
0:53 of 2nd period - Minor Penalty to Brandon Montour for Hooking.
0:54 of 2nd period - Jonathan Toews wins face-off versus Drew Shore in Blues zone.
0:54 of 2nd period - Wrist shot by Zack Kassian.
0:54 of 2nd period - Stopped by Carey Price without a rebound.
0:55 of 2nd period - Drew Shore wins face-off versus Jonathan Toews in Blues zone.
0:55 of 2nd period - Drew Shore is hit by Wojtek Wolski.
1:05 of 2nd period - Jason Demers is hit by Drew Shore and loses puck.
1:40 of 2nd period - Ladislav Smid is hit by Victor Oreskovich and loses puck.
2:53 of 2nd period - Penalty to Brandon Montour is over, Brandon Montour is back on ice.
3:27 of 2nd period - Snap shot by Kris Chucko.
3:27 of 2nd period - Shot Misses the Net.
3:29 of 2nd period - Slapshot by Kris Chucko.
3:29 of 2nd period - Shot Misses the Net.
4:13 of 2nd period - Andrei Kostitsyn is hit by Devin Shore and loses puck.
4:43 of 2nd period - Wrist shot by Mikael Backlund.
4:43 of 2nd period - Shot Misses the Net.
4:45 of 2nd period - Snap shot by Kris Chucko.
4:45 of 2nd period - Shot Misses the Net.
5:04 of 2nd period - Slapshot by Ladislav Smid.
5:04 of 2nd period - Deflect By Josh Manson.
5:04 of 2nd period - Stopped by Kevin Poulin with a rebound.
5:06 of 2nd period - Wrist shot by Samuel Morin.
5:06 of 2nd period - Shot Misses the Net.
5:08 of 2nd period - Slapshot by Martin Marincin.
5:08 of 2nd period - Stopped by Kevin Poulin without a rebound.
5:09 of 2nd period - Jonathan Toews wins face-off versus Devin Shore in Bruins zone.
5:09 of 2nd period - Jonathan Toews is hit by Devin Shore.
5:37 of 2nd period - Snap shot by Kevin Hayes.
5:37 of 2nd period - Stopped by Carey Price without a rebound.
5:38 of 2nd period - Nicklas Backstrom wins face-off versus Kevin Hayes in Blues zone.
5:48 of 2nd period - Nicklas Backstrom is hit by Kevin Hayes.
6:26 of 2nd period - Icing by Torey Krug.
6:27 of 2nd period - Casey Cizikas wins face-off versus Devin Shore in Bruins zone.
6:40 of 2nd period - Slapshot by Casey Cizikas.
6:40 of 2nd period - Stopped by Carey Price without a rebound.
6:41 of 2nd period - Jonathan Toews wins face-off versus Nicklas Backstrom in Blues zone.
6:42 of 2nd period - Slapshot by Wojtek Wolski.
6:42 of 2nd period - Shot Misses the Net.
6:44 of 2nd period - Backhand shot by Jason Demers.
6:44 of 2nd period - Stopped by Carey Price with a rebound.
6:46 of 2nd period - Slapshot by Torey Krug.
6:46 of 2nd period - Stopped by Carey Price without a rebound.
6:47 of 2nd period - Nicklas Backstrom wins face-off versus Jonathan Toews in Blues zone.
6:47 of 2nd period - Nicklas Backstrom is hit by Jonathan Toews.
7:09 of 2nd period - Wrist shot by Jonathan Toews.
7:09 of 2nd period - Stopped by Carey Price without a rebound.
7:10 of 2nd period - Kevin Hayes wins face-off versus Auston Matthews in Blues zone.
7:15 of 2nd period - Slapshot by Kevin Hayes.
7:15 of 2nd period - Stopped by Carey Price with a rebound.
7:17 of 2nd period - Backhand shot by Scott Hartnell.
7:17 of 2nd period - Shot Misses the Net.
7:19 of 2nd period - Wrist shot by Kevin Hayes.
7:19 of 2nd period - Stopped by Carey Price with a rebound.
7:21 of 2nd period - Wrist shot by Scott Hartnell.
7:21 of 2nd period - Shot Blocked by David Perron.
7:23 of 2nd period - Wrist shot by Victor Oreskovich.
7:23 of 2nd period - Shot Misses the Net.
7:25 of 2nd period - Snap shot by Victor Oreskovich.
7:25 of 2nd period - Stopped by Carey Price with a rebound.
7:35 of 2nd period - Zack Kassian is hit by Cody Ceci and loses puck.
7:46 of 2nd period - Snap shot by Filip Forsberg.
7:46 of 2nd period - Shot Blocked by Madison Bowey.
8:05 of 2nd period - Off-side.
8:06 of 2nd period - Victor Oreskovich wins face-off versus Nicklas Backstrom in neutral zone.
8:22 of 2nd period - Minor Penalty to Kevin Hayes for Tripping.
8:23 of 2nd period - Nicklas Backstrom wins face-off versus Wojtek Wolski in Bruins zone.
8:26 of 2nd period - Slapshot by Alex Pietrangelo.
8:26 of 2nd period - Deflect By Filip Forsberg.
8:26 of 2nd period - Stopped by Kevin Poulin without a rebound.
8:27 of 2nd period - Nicklas Backstrom wins face-off versus Wojtek Wolski in Bruins zone.
8:34 of 2nd period - Snap shot by Nicklas Backstrom.
8:34 of 2nd period - Shot Misses the Net.
8:36 of 2nd period - Slapshot by Alex Pietrangelo.
8:36 of 2nd period - Stopped by Kevin Poulin without a rebound.
8:37 of 2nd period - Wojtek Wolski wins face-off versus Nicklas Backstrom in Bruins zone.
8:46 of 2nd period - Slapshot by Nicklas Backstrom.
8:46 of 2nd period - Shot Misses the Net.
8:48 of 2nd period - Slapshot by Alex Pietrangelo.
8:48 of 2nd period - Stopped by Kevin Poulin without a rebound.
8:49 of 2nd period - Wojtek Wolski wins face-off versus Nicklas Backstrom in Bruins zone.
9:26 of 2nd period - Scott Hartnell is hit by Ryan Murray and loses puck.
10:22 of 2nd period - Penalty to Kevin Hayes is over, Kevin Hayes is back on ice.
11:03 of 2nd period - Snap shot by Drew Shore.
11:03 of 2nd period - Deflect By Patrick Kaleta.
11:03 of 2nd period - Deflect By Kevin Hayes.
11:03 of 2nd period - Stopped by Kevin Poulin without a rebound.
11:04 of 2nd period - Jonathan Toews wins face-off versus Auston Matthews in Bruins zone.
11:30 of 2nd period - Jason Demers is hit by Filip Forsberg and loses puck.
11:53 of 2nd period - Slapshot by Matt Martin.
11:53 of 2nd period - Stopped by Kevin Poulin with a rebound.
11:55 of 2nd period - Snap shot by Ladislav Smid.
11:55 of 2nd period - Deflect By Anthony Mantha.
11:55 of 2nd period - Shot Misses the Net.
11:55 of 2nd period - Puck is out of play.
11:56 of 2nd period - Nicklas Backstrom wins face-off versus Jonathan Toews in Bruins zone.
11:59 of 2nd period - Snap shot by Nicklas Backstrom.
11:59 of 2nd period - Shot Blocked by Jonathan Toews.
12:07 of 2nd period - Nicklas Backstrom is hit by Jonathan Toews and loses puck.
12:23 of 2nd period - Minor Penalty to David Perron for Charging.
12:24 of 2nd period - Jonathan Toews wins face-off versus Drew Shore in Blues zone.
14:23 of 2nd period - Penalty to David Perron is over, David Perron is back on ice.
14:28 of 2nd period - Devin Shore is hit by Matt Read and loses puck.
14:37 of 2nd period - Snap shot by Matt Read.
14:37 of 2nd period - Shot Misses the Net.
15:01 of 2nd period - Snap shot by Brett Kulak.
15:01 of 2nd period - Shot Misses the Net.
16:31 of 2nd period - Off-side.
16:32 of 2nd period - Drew Shore wins face-off versus Mikael Backlund in neutral zone.
16:57 of 2nd period - Brandon Montour is hit by Wojtek Wolski and loses puck.
17:17 of 2nd period - Icing by Madison Bowey.
17:18 of 2nd period - Jonathan Toews wins face-off versus Devin Shore in Bruins zone.
18:02 of 2nd period - Wrist shot by Matt Martin.
18:02 of 2nd period - Shot Blocked by Jonathan Toews.
18:04 of 2nd period - Snap shot by Matt Martin.
18:04 of 2nd period - Shot Blocked by Madison Bowey.
18:08 of 2nd period - Snap shot by Matt Martin.
18:08 of 2nd period - Shot Blocked by Josh Manson.
18:10 of 2nd period - Slapshot by Martin Marincin.
18:10 of 2nd period - Shot Misses the Net.
18:12 of 2nd period - Wrist shot by Matt Martin.
18:12 of 2nd period - Shot Hit the Post.
18:14 of 2nd period - Wrist shot by Anthony Mantha.
18:14 of 2nd period - Stopped by Kevin Poulin without a rebound.
18:15 of 2nd period - Kevin Hayes wins face-off versus Nicklas Backstrom in Bruins zone.
18:21 of 2nd period - Alex Pietrangelo is hit by Torey Krug and loses puck.
18:24 of 2nd period - Slapshot by Tyler Johnson.
18:24 of 2nd period - Stopped by Kevin Poulin with a rebound.
18:26 of 2nd period - Slapshot by Tyler Johnson.
18:26 of 2nd period - Deflect By Filip Forsberg.
18:26 of 2nd period - Stopped by Kevin Poulin with a rebound.
18:28 of 2nd period - Slapshot by Ryan Murray.
18:28 of 2nd period - Shot Blocked by Victor Oreskovich.
18:30 of 2nd period - Wrist shot by Filip Forsberg.
18:30 of 2nd period - Stopped by Kevin Poulin without a rebound.
18:31 of 2nd period - Matt Read wins face-off versus Auston Matthews in Bruins zone.
18:36 of 2nd period - Slapshot by Casey Cizikas.
18:36 of 2nd period - Shot Misses the Net.
18:38 of 2nd period - Slapshot by Torey Krug.
18:38 of 2nd period - Stopped by Carey Price without a rebound.
18:39 of 2nd period - Casey Cizikas wins face-off versus Auston Matthews in Blues zone.
19:08 of 2nd period - Scott Hartnell is hit by Tyler Johnson and loses puck.
19:27 of 2nd period - Anthony Mantha is hit by Mikael Backlund and loses puck.
Goals for this period are 0 for Bruins vs 0 for Blues.
Shots for this period are 11 for Bruins vs 12 for Blues.
3rd period
0:01 of 3rd period - Tyler Johnson wins face-off versus Jonathan Toews in neutral zone.
0:15 of 3rd period - Off-side.
0:16 of 3rd period - Kevin Hayes wins face-off versus Auston Matthews in neutral zone.
0:31 of 3rd period - Snap shot by Victor Oreskovich.
0:31 of 3rd period - Stopped by Carey Price without a rebound.
0:32 of 3rd period - Nicklas Backstrom wins face-off versus Jonathan Toews in Blues zone.
1:13 of 3rd period - Wrist shot by Torey Krug.
1:13 of 3rd period - Shot Blocked by Devin Shore.
1:15 of 3rd period - Slapshot by Jason Demers.
1:15 of 3rd period - Deflect By Matt Martin.
1:15 of 3rd period - Stopped by Carey Price without a rebound.
1:16 of 3rd period - Nicklas Backstrom wins face-off versus Kevin Hayes in Blues zone.
1:18 of 3rd period - Minor Penalty to Filip Forsberg for Hooking.
1:19 of 3rd period - Jonathan Toews wins face-off versus Drew Shore in Blues zone.
1:27 of 3rd period - Slapshot by Wojtek Wolski.
1:27 of 3rd period - Shot Misses the Net.
1:29 of 3rd period - Wrist shot by Zack Kassian.
1:29 of 3rd period - Stopped by Carey Price without a rebound.
1:30 of 3rd period - Jonathan Toews wins face-off versus Drew Shore in Blues zone.
2:48 of 3rd period - David Perron is hit by Scott Hartnell and loses puck.
2:59 of 3rd period - Zack Kassian is hit by Patrick Kaleta and loses puck.
3:18 of 3rd period - Penalty to Filip Forsberg is over, Filip Forsberg is back on ice.
4:18 of 3rd period - Slapshot by Filip Forsberg.
4:18 of 3rd period - Stopped by Kevin Poulin without a rebound.
4:19 of 3rd period - Auston Matthews wins face-off versus Wojtek Wolski in Bruins zone.
4:22 of 3rd period - Slapshot by Riley Sheahan.
4:22 of 3rd period - Stopped by Kevin Poulin with a rebound.
4:56 of 3rd period - Wrist shot by Anthony Mantha.
4:56 of 3rd period - Shot Misses the Net.
5:08 of 3rd period - Snap shot by Mikael Backlund.
5:08 of 3rd period - Shot Misses the Net.
6:10 of 3rd period - Slapshot by Torey Krug.
6:10 of 3rd period - Shot Blocked by David Perron.
6:36 of 3rd period - Minor Penalty to Nicklas Backstrom for Tripping.
6:37 of 3rd period - Drew Shore wins face-off versus Jonathan Toews in Blues zone.
8:36 of 3rd period - Penalty to Nicklas Backstrom is over, Nicklas Backstrom is back on ice.
9:07 of 3rd period - Slapshot by Mikael Backlund.
9:07 of 3rd period - Deflect By Andreas Athanasiou.
9:07 of 3rd period - Shot Blocked by Cody Ceci.
9:07 of 3rd period - Puck is out of play.
9:08 of 3rd period - Casey Cizikas wins face-off versus Devin Shore in Blues zone.
9:19 of 3rd period - Snap shot by Matt Martin.
9:19 of 3rd period - Stopped by Kevin Poulin with a rebound.
9:21 of 3rd period - Slapshot by Martin Marincin.
9:21 of 3rd period - Stopped by Kevin Poulin without a rebound.
9:22 of 3rd period - Kevin Hayes wins face-off versus Nicklas Backstrom in Bruins zone.
9:22 of 3rd period - Madison Bowey is hit by Filip Forsberg and loses puck.
9:30 of 3rd period - Minor Penalty to Brandon Montour for Interference.
9:31 of 3rd period - Drew Shore wins face-off versus Jonathan Toews in Blues zone.
9:52 of 3rd period - Cody Ceci is hit by Torey Krug and loses puck.
11:30 of 3rd period - Penalty to Brandon Montour is over, Brandon Montour is back on ice.
11:46 of 3rd period - Slapshot by Matt Read.
11:46 of 3rd period - Stopped by Carey Price with a rebound.
11:48 of 3rd period - Wrist shot by Matt Read.
11:48 of 3rd period - Deflect By Andrei Kostitsyn.
11:48 of 3rd period - Goal by Andrei Kostitsyn - Bruins : 2 - Blues : 2.
11:49 of 3rd period - Nicklas Backstrom wins face-off versus Casey Cizikas in neutral zone.
12:06 of 3rd period - Nicklas Backstrom is hit by Andrei Kostitsyn and loses puck.
13:07 of 3rd period - Off-side.
13:08 of 3rd period - Drew Shore wins face-off versus Casey Cizikas in neutral zone.
13:11 of 3rd period - Slapshot by Brandon Montour.
13:11 of 3rd period - Stopped by Kevin Poulin without a rebound.
13:12 of 3rd period - Jonathan Toews wins face-off versus Nicklas Backstrom in Bruins zone.
13:17 of 3rd period - Snap shot by Tyler Johnson.
13:17 of 3rd period - Stopped by Kevin Poulin with a rebound.
13:23 of 3rd period - Wrist shot by Tyler Johnson.
13:23 of 3rd period - Stopped by Kevin Poulin with a rebound.
13:25 of 3rd period - Snap shot by Tyler Johnson.
13:25 of 3rd period - Stopped by Kevin Poulin with a rebound.
13:27 of 3rd period - Backhand shot by Filip Forsberg.
13:27 of 3rd period - Shot Misses the Net.
13:39 of 3rd period - David Perron is hit by Victor Oreskovich and loses puck.
13:44 of 3rd period - Wrist shot by Victor Oreskovich.
13:44 of 3rd period - Deflect By Scott Hartnell.
13:44 of 3rd period - Stopped by Carey Price with a rebound.
13:50 of 3rd period - Wrist shot by Auston Matthews.
13:50 of 3rd period - Stopped by Kevin Poulin without a rebound.
13:51 of 3rd period - Nicklas Backstrom wins face-off versus Jonathan Toews in Bruins zone.
14:29 of 3rd period - Wrist shot by Scott Hartnell.
14:29 of 3rd period - Stopped by Carey Price with a rebound.
14:31 of 3rd period - Wrist shot by Victor Oreskovich.
14:31 of 3rd period - Shot Misses the Net.
14:59 of 3rd period - Slapshot by David Perron.
14:59 of 3rd period - Stopped by Kevin Poulin with a rebound.
15:19 of 3rd period - Snap shot by Kris Chucko.
15:19 of 3rd period - Deflect By Mikael Backlund.
15:19 of 3rd period - Stopped by Carey Price with a rebound.
15:25 of 3rd period - Kris Chucko is hit by Riley Sheahan and loses puck.
15:38 of 3rd period - Snap shot by David Perron.
15:38 of 3rd period - Shot Misses the Net.
15:40 of 3rd period - Wrist shot by Auston Matthews.
15:40 of 3rd period - Shot Misses the Net.
15:42 of 3rd period - Snap shot by Ladislav Smid.
15:42 of 3rd period - Stopped by Kevin Poulin with a rebound.
15:44 of 3rd period - Snap shot by David Perron.
15:44 of 3rd period - Stopped by Kevin Poulin without a rebound.
15:45 of 3rd period - Devin Shore wins face-off versus Casey Cizikas in Bruins zone.
16:14 of 3rd period - Off-side.
16:15 of 3rd period - Nicklas Backstrom wins face-off versus Jonathan Toews in neutral zone.
16:42 of 3rd period - Matt Martin is hit by Matt Read and loses puck.
16:53 of 3rd period - Off-side.
16:54 of 3rd period - Jonathan Toews wins face-off versus Nicklas Backstrom in neutral zone.
16:57 of 3rd period - Filip Forsberg is hit by Torey Krug and loses puck.
17:08 of 3rd period - Wrist shot by Jonathan Toews.
17:08 of 3rd period - Shot Misses the Net.
17:10 of 3rd period - Slapshot by Torey Krug.
17:10 of 3rd period - Shot Blocked by Filip Forsberg.
17:20 of 3rd period - Alex Pietrangelo is hit by Casey Cizikas and loses puck.
17:39 of 3rd period - Slapshot by Kevin Hayes.
17:39 of 3rd period - Shot Misses the Net.
17:47 of 3rd period - Wrist shot by Drew Shore.
17:47 of 3rd period - Shot Misses the Net.
17:49 of 3rd period - Wrist shot by Patrick Kaleta.
17:49 of 3rd period - Shot Blocked by Scott Hartnell.
18:27 of 3rd period - Snap shot by Mikael Backlund.
18:27 of 3rd period - Stopped by Carey Price with a rebound.
18:29 of 3rd period - Slapshot by Kris Chucko.
18:29 of 3rd period - Stopped by Carey Price without a rebound.
18:30 of 3rd period - Devin Shore wins face-off versus Casey Cizikas in Blues zone.
18:57 of 3rd period - Wrist shot by Zack Kassian.
18:57 of 3rd period - Shot Blocked by Martin Marincin.
19:22 of 3rd period - Slapshot by Riley Sheahan.
19:22 of 3rd period - Stopped by Kevin Poulin with a rebound.
19:58 of 3rd period - Patrick Kaleta is hit by Matt Read and loses puck.
Goals for this period are 1 for Bruins vs 0 for Blues.
Shots for this period are 10 for Bruins vs 13 for Blues.
Overtime #1
0:01 of 1st overtime period - Nicklas Backstrom wins face-off versus Wojtek Wolski in neutral zone.
0:12 of 1st overtime period - Cody Ceci is hit by Jason Demers and loses puck.
0:17 of 1st overtime period - Wrist shot by Zack Kassian.
0:17 of 1st overtime period - Shot Hit the Post.
0:45 of 1st overtime period - Snap shot by Alex Pietrangelo.
0:45 of 1st overtime period - Stopped by Kevin Poulin without a rebound.
0:46 of 1st overtime period - Jonathan Toews wins face-off versus Drew Shore in Bruins zone.
2:21 of 1st overtime period - Wrist shot by Jonathan Toews.
2:21 of 1st overtime period - Stopped by Carey Price without a rebound.
2:22 of 1st overtime period - Nicklas Backstrom wins face-off versus Wojtek Wolski in Blues zone.
2:32 of 1st overtime period - Icing by Filip Forsberg.
2:33 of 1st overtime period - Wojtek Wolski wins face-off versus Nicklas Backstrom in Blues zone.
3:07 of 1st overtime period - Slapshot by Scott Hartnell.
3:07 of 1st overtime period - Stopped by Carey Price with a rebound.
Goals for this period are 0 for Bruins vs 0 for Blues.
Shots for this period are 2 for Bruins vs 1 for Blues.
ShootOut
5:00 of 1st overtime period - Round #1.
5:00 of 1st overtime period - Bruins, Wojtek Wolski.
5:00 of 1st overtime period - Snap shot by Wojtek Wolski.
5:00 of 1st overtime period - Shot Misses the Net.
5:00 of 1st overtime period - Blues, David Perron.
5:00 of 1st overtime period - Snap shot by David Perron.
5:00 of 1st overtime period - Shot Misses the Net.
5:00 of 1st overtime period - Round #2.
5:00 of 1st overtime period - Bruins, Zack Kassian.
5:00 of 1st overtime period - Snap shot by Zack Kassian.
5:00 of 1st overtime period - Goal by Zack Kassian.
5:00 of 1st overtime period - Blues, Auston Matthews.
5:00 of 1st overtime period - Snap shot by Auston Matthews.
5:00 of 1st overtime period - Stopped by Kevin Poulin.
5:00 of 1st overtime period - Round #3.
5:00 of 1st overtime period - Bruins, Jonathan Toews.
5:00 of 1st overtime period - Snap shot by Jonathan Toews.
5:00 of 1st overtime period - Stopped by Carey Price.
5:00 of 1st overtime period - Blues, Devin Shore.
5:00 of 1st overtime period - Backhand shot by Devin Shore.
5:00 of 1st overtime period - Stopped by Kevin Poulin.